 Dungeon Crawl Stone Soup version 0.28-a0-578-g717728bcc0 (webtiles) character file.

Game seed: 11582639766328135564

56 Essalna the Gusty (level 3, 0/19 HPs)
             Began as a Tengu Air Elementalist on Oct 2, 2021.
             Killed from afar by an orc wizard (7 damage)
             ... with a magic dart
             ... on level 3 of the Dungeon.
             The game lasted 00:03:30 (1970 turns).

Essalna the Gusty (Tengu Air Elementalist)          Turns: 1970, Time: 00:03:30

Health: 0/19       AC:  2    Str:  8    XL:     3   Next: 97%
Magic:  6/8        EV: 12    Int: 16    God:
Gold:   185        SH:  0    Dex: 14    Spells: 6/7 levels left

rFire   . . .      SeeInvis .   b - +3 dagger (freeze)
rCold   . . .      Faith    .   (no shield)
rNeg    . . .      Spirit   .   a - +0 robe
rPois   .          Reflect  .   (helmet restricted)
rElec   .          Harm     .   (no cloak)
rCorr   .          Rampage  .   (no gloves)
Will    .....                   (boots unavailable)
Stlth   ++........              (no amulet)
HPRegen 0.06/turn               (no ring)
MPRegen 0.11/turn               (no ring)

@: no status effects
A: beak, talons 3
a: no special abilities


You were on level 3 of the Dungeon.
You visited 1 branch of the dungeon, and saw 3 of its levels.

You collected 185 gold pieces.

Inventory:

Hand Weapons
 b - a +3 dagger of freezing (weapon)
Armour
 a - a +0 robe (worn)
Jewellery
 g - a ring of ice
Scrolls
 c - a scroll of blinking {unknown}
 d - 3 scrolls of identify {unknown}
 f - a scroll of teleportation {unknown}
Potions
 e - a potion of attraction {unknown}
 h - a potion of flight {unknown}


   Skills:
 - Level 2.1 Dodging
 - Level 2.0 Stealth
 + Level 2.7 Spellcasting
 - Level 3.0 Conjurations
 + Level 4.8 Air Magic


You had 6 spell levels left.
You knew the following spells:

 Your Spells              Type           Power      Damage    Failure   Level
a - Shock                 Conj/Air       56%        1d6       3%          1

Your spell library contained the following spells:

 Spells                   Type           Power      Damage    Failure   Level
 Static Discharge         Conj/Air       14%        N/A       6%          2
 Swiftness                Air            17%        N/A       8%          3
 Airstrike                Air            8%         N/A       26%         4


Dungeon Overview and Level Annotations

Branches:
Dungeon (3/15)

Altars:


Innate Abilities, Weirdness & Mutations

You have a beak for a mouth.
You have claws for feet.


Message History

The orc wizard is moderately wounded.
The orc wizard shouts!
The zap hits the orc wizard.
The orc wizard is heavily wounded.
The zap hits the orc wizard.
The orc wizard is almost dead.
The orc wizard points at you and mumbles some strange words.
You are confused.
An orc comes into view. It is wielding a +0 hand axe.
The orc shouts!
You hear a shout!
You're too confused to cast spells.
You're too confused to cast spells.
You're too confused to cast spells.
You're too confused to cast spells.
You bump into the rock wall.
An orc comes into view. It is wielding a +0 flail.
The orc wizard gestures at you while chanting.
The puff of flame hits you.
You see here a rat corpse.
You bump into the rock wall.
The orc wizard gestures at you while chanting.
You are more confused.
You are too confused!
You are too confused!
You are too confused!
You bump into the rock wall.
You bump into the rock wall.
You're too confused to move!
An endoplasm comes into view.
You feel less confused. The orc wizard closely misses you.
The orc wizard points at you and mumbles some strange words.
The puff of flame hits you!
The orc wizard casts a spell.
The orc wizard flickers and vanishes!
Deactivating autopickup; reactivate with Ctrl-A.
There are monsters nearby!
A magic dart appears from out of thin air!
The magic dart hits you!
You die...

........#####.....#
...........†o..#
.......oo####..#
.......o###...##
#######o....###
#.{.##### ... #.###
.[. #####.# ....
###...@.# .....
#...#####
.....##.###
#....#.#####
####........#
.<...##.###†...
.###....#######
#..#.....###
#..###.....####
####


You could see an orc wizard and 2 orcs.

Vanquished Creatures
  An adder (D:2)
  A dart slug (D:1)
  6 endoplasms
  A giant cockroach (D:2)
  5 goblins
  5 hobgoblins
  3 quokkas
  5 ball pythons
  A bat (D:2)
  5 frilled lizards
  6 kobolds
  5 rats
44 creatures vanquished.

Notes
Turn   | Place    | Note
-------+----------+-------------------------------------------
     0 | D:1      | Essalna the Tengu Air Elementalist began the quest for the
                  | Orb.
     0 | D:1      | Reached XP level 1. HP: 10/10 MP: 4/4
   180 | D:1      | Reached XP level 2. HP: 15/15 MP: 3/6
   598 | D:1      | Reached XP level 3. HP: 19/19 MP: 5/7
  1016 | D:2      | Found a faded altar of an unknown god.
  1970 | D:3      | Killed from afar by an orc wizard

Illustrated notes

Levels and vault maps discovered:
D:1:      dpeg_arrival_windows_large_door, layout_rooms, minmay_tetromino_o4
D:2:      layout_loops_cross, shapermc_ecumenical_altar_hornbeckon,
          kennysheep_another_room, serial_bayou_pond_d,
          chequers_serial_rivers_room_b
D:3:      layout_rooms

Skill      XL: |  1  2  3 |
---------------+----------+-----
Conjurations   | 2 3 |  3.0
Dodging        | |  2.1
Stealth        | |  2.0
Spellcasting   | |  2.7
Air Magic      | |  4.8

Action                   || total
-------------------------++-------
Melee: Dagger            ||     4
 Cast: Shock             ||    82
Armor: Robe              ||     1
Dodge: Dodged            ||     7

Table legend: (Time is in decaauts)
 A = Elapsed time spent in this place.
 B = Non-inter-level travel time spent in this place.
 C = Inter-level travel time spent in this place.
 D = Time resting spent in this place.
 E = Time spent auto-exploring this place.
 F = Levels seen in this place.
 G = Mean time per level.
                   A        B        C        D        E       F      G
               +--------+--------+--------+--------+--------+-----+--------+
         Total |   1978 |   1925 |     53 |      0 |   1722 |   3 |  659.3 |
       Dungeon |   1978 |   1925 |     53 |      0 |   1722 |   3 |  659.3 |
               +--------+--------+--------+--------+--------+-----+--------+

Top non-repeatable levels by time:
     D:2: 958 daAuts
     D:1: 856 daAuts
     D:3: 163 daAuts
